 Dungeon Crawl Stone Soup version 0.26.0-10-g1f06aea511 (webtiles) character file.

Game seed: 2485063849680399248

3448 night the Grappler (level 9, -6/93 HPs)
             Began as a Troll Monk on Jan 22, 2021.
             Was an Elder of Uskayaw.
             Shot with a sling bullet by Joseph (19 damage)
             ... on level 8 of the Dungeon.
             The game lasted 00:10:14 (5690 turns).

night the Grappler (Troll Monk)                     Turns: 5690, Time: 00:10:14

Health: -6/93      AC:  8    Str: 23    XL:     9   Next: 77%
Magic:  8/8        EV: 10    Int:  7    God:    Uskayaw [****..]
Gold:   321        SH:  0    Dex: 12    Spells: 8/8 levels left

rFire    + . .     SeeInvis .     - Unarmed
rCold    . . .     Faith    .   (no shield)
rNeg     . . .     Spirit   .   y - +1 robe {rF+}
rPois    .         Reflect  .   (helmet restricted)
rElec    .         Harm     .   k - +0 cloak
rCorr    .         Rampage  .   (gloves unavailable)
Will     .....                  (boots unavailable)
Stlth    ++........             (no amulet)
HPRegen  0.65/turn              t - ring of flight
MPRegen  0.11/turn              (no ring)

@: no status effects
A: large, unfitting armour, claws 3, regeneration 1, shaggy fur 1, tough skin 3
a: Renounce Religion, Evoke Flight, Stomp, Line Pass


You were on level 8 of the Dungeon.
You worshipped Uskayaw.
Uskayaw was noncommittal.
You visited 2 branches of the dungeon, and saw 9 of its levels.

You collected 321 gold pieces.

Inventory:

Missiles
 d - 261 stones
 l - 43 sling bullets
 q - 3 boomerangs
 r - 4 poisoned darts (quivered)
Armour
 a - a +0 robe
 k - a +0 cloak (worn)
 y - a +1 robe of fire resistance (worn)
Jewellery
 t - a ring of flight (left claw)
Wands
 v - a wand of paralysis (8)
 w - a wand of acid (13)
 z - a wand of random effects (7)
Scrolls
 b - 6 scrolls of identify
 c - 3 scrolls of teleportation {unknown}
 e - 5 scrolls of enchant weapon {unknown}
 f - 12 scrolls of remove curse
 g - 2 scrolls of fear {unknown}
 i - 2 scrolls of amnesia {unknown}
 n - 2 scrolls of magic mapping {unknown}
 o - 2 scrolls of blinking {unknown}
 p - 2 scrolls of enchant armour {unknown}
 u - 3 scrolls of random uselessness {unknown}
 x - 2 scrolls of immolation {unknown}
 A - a scroll of fog {unknown}
 B - a scroll of noise {unknown}
Potions
 h - a potion of attraction {unknown}
 j - 2 potions of heal wounds
 m - 2 potions of curing
 s - a potion of might
 C - a potion of resistance {unknown}


   Skills:
 + Level 7.2 Fighting
 - Level 2.4 Dodging
 - Level 1.0 Stealth
 * Level 11.6 Unarmed Combat


You had 8 spell levels left.
You didn't know any spells.
Your spell library contained the following spells:

 Spells                   Type           Power        Failure   Level
 Magic Dart               Conj           0%           43%         1
 Searing Ray              Conj           0%           56%         2
 Dazzling Flash           Conj/Hex       0%           80%         3
 Fulminant Prism          Conj/Hex       0%           99%         4
 Iskenderun's Mystic Bla  Conj/Tloc      0%           99%         4


Dungeon Overview and Level Annotations

Branches:
Dungeon (8/15)             Temple (1/1) D:5
   Lair: D:8-11

Altars:
Ashenzari
Cheibriados
Dithmenos
Elyvilon
Fedhas
Gozag
Hepliaklqana
Kikubaaqudgha
Makhleb
Nemelex Xobeh
Okawaru
Qazlal
Ru
Sif Muna
Trog
Uskayaw
Vehumet
Wu Jian
Xom
Yredelemnul
Zin
The Shining One

Annotations:
D:8 Joseph


Innate Abilities, Weirdness & Mutations

You are too large for most types of armour.
You have claws for hands.
Your natural rate of healing is unusually fast.
You are covered in fur. (AC +1)
You have extremely tough skin. (AC +3)


Message History

* * * LOW HITPOINT WARNING * * *
The sling bullet burns you.
* * * LOW HITPOINT WARNING * * *
You claw Maggie!
Maggie is heavily wounded.
Maggie hits you with a +0 long sword.
* * * LOW HITPOINT WARNING * * *
Joseph zaps a wand.
You easily resist.
Uskayaw will force your foes to share their pain.
Uskayaw links your audience in an emotional bond!
You barely miss Maggie. Your claw misses Maggie.
Maggie is heavily wounded.
Maggie closely misses you.
Uskayaw prepares the audience for your solo!
The helpless Maggie fails to defend herself.
You mangle Maggie!!
You kill Maggie!
Joseph is no longer paralysed.
Joseph shoots a sling bullet.
The sling bullet hits you!!
You die...

##..##..<.##
#..........#....## ##
#..........#...... .#
#..........#..... ..#
###.###..###...# ##..
.#######..###...###.(##
..................(...#
.........)............#
.........@)...........#
......................#
..@...................#
#......#..##....#....##
######################


You could see Joseph (pain bonded).

Vanquished Creatures
  A two-headed ogre (D:8)
  Pikel (D:6)
  Maggie (D:8)
  The ghost of hjaiej13 the Insei, an amateur GnTm (D:3)
  Grum (D:8)
  Duvessa (D:6)
  A hornet zombie (D:5)
  A sky beast (D:6)
  An orc warrior (D:7)
  A phantom (D:4)
  A black bear (D:6)
  2 ogres
  2 wolves (D:8)
  2 centaurs (D:5)
  A water moccasin zombie (D:6)
  2 scorpions
  A water moccasin skeleton (D:7)
  Dowan (D:6)
  A bullfrog zombie (D:7)
  2 howler monkeys
  A hound (D:6)
  A jelly (D:6)
  An orc priest (D:8)
  2 orc wizards
  A bullfrog skeleton (D:5)
  An iguana (D:7)
  5 worker ants
  3 gnolls (D:4)
  14 adders
  A howler monkey skeleton (D:6)
  2 white imps
  An ufetubus (D:8)
  2 oozes
  4 worms
  3 dart slugs
  3 leopard geckos
  8 orcs
  5 giant cockroaches
  9 goblins
  9 hobgoblins
  11 jackals
  5 quokkas
  4 ball pythons
  5 bats
  7 frilled lizards
  A jackal skeleton (D:4)
  A jackal zombie (D:6)
  8 kobolds
  5 rats
  A butterfly (D:5)
149 creatures vanquished.

Notes
Turn   | Place    | Note
-------+----------+-------------------------------------------
     0 | D:1      | night the Troll Monk began the quest for the Orb.
     0 | D:1      | Reached XP level 1. HP: 22/22 MP: 0/0
   153 | D:1      | Reached XP level 2. HP: 29/29 MP: 1/1
   510 | D:1      | Reached XP level 3. HP: 36/36 MP: 2/2
   647 | D:1      | Reached skill level 4 in Unarmed Combat
  1206 | D:2      | Noticed an ogre
  1212 | D:2      | Reached XP level 4. HP: 39/45 MP: 3/3
  1228 | D:2      | HP: 1/45 [ogre/+0 giant spiked club (19)]
  1229 | D:2      | Killed an ogre
  1230 | D:2      | Reached skill level 5 in Unarmed Combat
  1230 | D:2      | Reached XP level 5. HP: 2/53 MP: 4/4
  1803 | D:3      | Found a runed translucent door.
  1808 | D:3      | Noticed hjaiej13's ghost (amateur GnTm)
  1837 | D:3      | Killed hjaiej13's ghost
  1838 | D:3      | Reached skill level 6 in Unarmed Combat
  1838 | D:3      | Reached XP level 6. HP: 36/62 MP: 5/5
  2554 | D:4      | Reached XP level 7. HP: 70/70 MP: 6/6
  2657 | D:4      | Reached skill level 7 in Unarmed Combat
  3018 | D:5      | Entered Level 5 of the Dungeon
  3045 | D:5      | Found a staircase to the Ecumenical Temple.
  3057 | Temple   | Entered the Ecumenical Temple
  3069 | Temple   | Became a worshipper of Uskayaw the Reveller
  3069 | Temple   | Reached * piety under Uskayaw
  3089 | D:5      | Found a snail-covered altar of Cheibriados.
  3110 | D:5      | Found a snail-covered altar of Cheibriados.
  3270 | D:5      | Reached ** piety under Uskayaw
  3271 | D:5      | Reached skill level 8 in Unarmed Combat
  3286 | D:5      | Reached skill level 5 in Fighting
  3286 | D:5      | Reached XP level 8. HP: 74/80 MP: 7/7
  3389 | D:5      | Found a shadowy altar of Dithmenos.
  3665 | D:6      | Found an iron altar of Okawaru.
  3715 | D:6      | Noticed Pikel
  3723 | D:6      | Killed Pikel
  3723 | D:6      | Reached *** piety under Uskayaw
  3724 | D:6      | Reached skill level 9 in Unarmed Combat
  3734 | D:6      | Reached **** piety under Uskayaw
  3782 | D:6      | Found a sacrificial altar of Ru.
  4040 | D:6      | Noticed Dowan
  4041 | D:6      | Noticed Duvessa
  4044 | D:6      | Reached skill level 10 in Unarmed Combat
  4051 | D:6      | Killed Dowan
  4052 | D:6      | Reached XP level 9. HP: 67/89 MP: 8/8
  4056 | D:6      | HP: 4/89 [Duvessa/+0 rapier (13)]
  4057 | D:6      | Killed Duvessa
  5346 | D:7      | Found a sparkling altar of Nemelex Xobeh.
  5346 | D:7      | Found an ornate altar of the Wu Jian Council.
  5351 | D:7      | Found a faded altar of an unknown god.
  5353 | D:7      | Found a white marble altar of Elyvilon.
  5355 | D:7      | Found a glowing silver altar of Zin.
  5483 | D:8      | Noticed Grum
  5498 | D:8      | Reached ***** piety under Uskayaw
  5499 | D:8      | Killed Grum
  5513 | D:8      | Reached skill level 11 in Unarmed Combat
  5665 | D:8      | Noticed a two-headed ogre
  5675 | D:8      | Noticed Maggie
  5685 | D:8      | Killed a two-headed ogre
  5685 | D:8      | Noticed Joseph
  5690 | D:8      | Killed Maggie
  5690 | D:8      | Shot with a sling bullet by Joseph

Illustrated notes

Levels and vault maps discovered:
D:1:      scummos_arrival_star, layout_basic, chequers_serial_rivers_room_a
D:2:      layout_basic, minmay_tetromino_i4
D:3:      layout_loops_cross, ebering_ghost_sewer_d
D:4:      layout_basic
D:5:      layout_loops_ring, kennysheep_slug_shrine,
          minmay_temple_entry_butterflies, basic_altar, grunt_dithmenos_smoke
D:6:      layout_rooms, general_overflow_altar,
          nicolae_ru_great_annihilating_truth, serial_co_window_serial,
          co_window_paths_b, co_window_paths_b, co_window_corner_a,
          co_window_corner_a, co_window_paths_a, co_window_broadway_c,
          co_window_broadway_c, co_window_broadway_b, co_window_broadway_c,
          co_window_of_opportunity_b, co_window_paths_d,
          hangedman_decor_growths, uniq_pikel, uniq_duvessa
D:7:      layout_basic, chequers_temple_overflow_minitemple
D:8:      layout_gridville, hellmonk_ghost_happy_afterlife, minmay_bent,
          uniq_grum, uniq_maggie, uniq_joseph
Temple:   nicolae_temple_no_exploring_needed

Skill      XL: |  1  2  3  4  5  6  7  8  9 |
---------------+----------------------------+-----
Unarmed Combat | 4 5 6 8 10 11 | 11.6
Fighting       | 3 4 5 6 7 |  7.2
Dodging        | |  2.4
Stealth        | |  1.0

Action                   |  1- 3 |  4- 6 |  7- 9 || total
-------------------------+-------+-------+-------++-------
Melee: Unarmed           |    82 |    99 |   218 ||   399
       Punch             |     2 |       |     8 ||    10
Throw: Stone             |       |     7 |       ||     7
       Dart              |       |       |     8 ||     8
  Use: Potion            |       |     5 |     1 ||     6
       Scroll            |       |       |     1 ||     1
 Stab: Sleeping          |     6 |     1 |     6 ||    13
       Paralysed         |       |       |     7 ||     7
Armor: Robe              |    29 |    30 |    57 ||   116
Dodge: Dodged            |    26 |    45 |    84 ||   155
